 Dungeon Crawl Stone Soup version 0.27-a0-1202-ge72e49191c (webtiles) character file.

Game seed: 14118412936282017917

105043 Kinoniko the Executioner (level 16, -1/235 HPs)
             Began as a Hill Orc Berserker on June 4, 2021.
             Was the Champion of Trog.
             Slain by a merfolk
             ... wielding a +0 trident
              (17 damage)
             ... on level 1 of the Shoals.
             The game lasted 00:40:24 (29745 turns).

Kinoniko the Executioner (Hill Orc Berserker)      Turns: 29745, Time: 00:40:24

Health: -1/235     AC: 31    Str: 27      XL:     16   Next: 40%
Magic:  1/16       EV: 11    Int:  6 (7)  God:    Trog [******]
Gold:   1167       SH:  0    Dex: 14      Spells: 15/15 levels left

rFire    . . .     SeeInvis .   O - +9 battleaxe (flame)
rCold    . . .     Faith    .   (shield currently unavailable)
rNeg     . . .     Spirit   .   P - +3 plate armour {Will+}
rPois    +         Reflect  .   y - +2 helmet
rElec    +         Harm     .   M - +2 cloak
rCorr    .         Rampage  .   K - +2 pair of gloves
Will     +++..                  V - +2 pair of boots
Stlth    ..........             g - amulet of Ogegep {RegenMP Drain rElec rPois Dex+4}
HPRegen  0.49/turn              L - ring of willpower
MPRegen  0.40/turn              H - +4 ring of slaying

@: berserking, quick
A: no striking features
a: Renounce Religion, Berserk, Trog's Hand, Brothers in Arms


You were on level 1 of the Shoals.
You worshipped Trog.
Trog was exalted by your worship.
You visited 4 branches of the dungeon, and saw 24 of its levels.

You collected 2602 gold pieces.
You spent 1435 gold pieces at shops.

Inventory:

Hand Weapons
 O - a +9 battleaxe of flaming (weapon)
 X - a +5 vorpal broad axe
 Y - a +3 executioner's axe of freezing
Missiles
 i - 2 atropa-tipped darts
 Z - 7 silver javelins
Armour
 e - the +3 chain mail of the Meadowlark {rCorr}
   (You bought it in a shop on level 2 of the Orcish Mines)

   It protects you from acid and corrosion.
 y - a +2 helmet (worn)
 K - a +2 pair of gloves (worn)
 M - a +2 cloak (worn)
 P - a +3 plate armour of willpower (worn)
 V - a +2 pair of boots (worn)
Jewellery
 g - the amulet of Ogegep (around neck) {RegenMP Drain rElec rPois Dex+4}
   (You acquired it on level 6 of the Lair of Beasts)

   [amulet of magic regeneration]

   It increases your rate of magic regeneration.
   It affects your dexterity (+4).
   It insulates you from electricity.
   It protects you from poison.
   It drains your maximum health when unequipped.
 k - a ring of positive energy
 m - a ring of protection from fire
 n - a ring of flight
 D - a ring of poison resistance
 H - a +4 ring of slaying (right hand)
 L - a ring of willpower (left hand)
 Q - a ring of positive energy
 R - an amulet of guardian spirit
 W - a ring of protection from cold
Wands
 o - a wand of charming (3)
 q - a wand of iceblast (26)
 r - a wand of polymorph (35)
 A - a wand of flame (71)
 E - a wand of acid (35)
 J - a wand of digging (13)
 N - a wand of paralysis (14)
 S - a wand of mindburst (10)
Scrolls
 b - 3 scrolls of magic mapping
 h - 5 scrolls of teleportation
 j - 4 scrolls of fog
 v - 4 scrolls of fear
 z - a scroll of summoning
 C - 2 scrolls of blinking
 F - a scroll of holy word
 G - a scroll of silence
Potions
 a - 3 potions of berserk rage
 c - 8 potions of magic
 d - a potion of cancellation {unknown}
 f - 9 potions of curing
 l - 7 potions of heal wounds
 p - a potion of ambrosia {unknown}
 s - 3 potions of flight
 t - 3 potions of attraction {unknown}
 u - 2 potions of lignification {unknown}
 w - 5 potions of might {unknown}
 x - a potion of resistance {unknown}
 B - 9 potions of mutation
 I - 3 potions of haste {unknown}
 T - 3 potions of brilliance {unknown}
Miscellaneous
 U - a tin of tremorstones (2/2)


   Skills:
 * Level 18.0 Fighting
 - Level 21.8 Axes
 - Level 11.5 Throwing
 + Level 10.5 Armour
 + Level 8.2 Dodging


You had 15 spell levels left.
You didn't know any spells.
Your spell library contained the following spells:

 Spells                   Type           Power      Damage    Failure   Level
 Magic Dart               Conj           0%         1d3       99%         1
 Searing Ray              Conj           0%         3d3       99%         2
 Dazzling Flash           Conj/Hex       0%         N/A       100%        3
 Ignite Poison            Fire/Tmut/Pois 0%         N/A       100%        3
 Fulminant Prism          Conj/Hex       0%         3d6       100%        4
 Iskenderun's Mystic Bla  Conj/Tloc      0%         2d3       100%        4
 Fireball                 Conj/Fire      0%         3d3       100%        5
 Irradiate                Conj/Tmut      0%         3d13      100%        5
 Blade Hands              Tmut           0%         N/A       100%        6
 Starburst                Conj/Fire      0%         8x6d3     100%        6
 Statue Form              Tmut/Erth      0%         N/A       100%        6
 Dragon Form              Tmut           0%         N/A       100%        7
 Ignition                 Fire           0%         3d3       100%        8


Dungeon Overview and Level Annotations

Branches:
Dungeon (15/15)            Temple (0/1) D:6            Lair (6/6) D:10
 Shoals (1/4) Lair:3       Spider (0/4) Lair:4        Slime (0/5) Lair:6
    Orc (2/2) D:12            Elf (0/3) Orc:2        Vaults (0/5) D:14
 Depths (0/5) D:15

Altars:
Qazlal
Sif Muna
Trog
Uskayaw
Vehumet
Yredelemnul
Beogh
Jiyva

Shops:
D:4 (   D:5 [   D:12 *   Orc:2 [=*(


Message History

Your unstable footing causes you to fumble your attack.
The wind drake flaps its wings at you. The air twists around and strikes you.
The merfolk impaler hits you but does no damage.
Unknown command.
Your unstable footing causes you to fumble your attack.
The merfolk impaler hits you but does no damage.
The merfolk javelineer throws a silver javelin.
The silver javelin barely misses you.
A merfolk siren comes into view. It is wielding a +0 spear.
The merfolk barely misses you.
The merfolk impaler hits you with a +1 antimagic trident!
* * * LOW HITPOINT WARNING * * *
The merfolk impaler hits you with a +4 trident of flaming.
* * * LOW HITPOINT WARNING * * *
The merfolk impaler burns you.
* * * LOW HITPOINT WARNING * * *
The merfolk impaler hits you but does no damage.
The merfolk javelineer throws a silver javelin.
The silver javelin pierces through you but does no damage.
* * * LOW HITPOINT WARNING * * *
The merfolk impaler hits you with a +4 trident of flaming!!
* * * LOW HITPOINT WARNING * * *
The merfolk impaler burns you.
* * * LOW HITPOINT WARNING * * *
The merfolk hits you but does no damage.
You are too berserk!
Your unstable footing causes you to fumble your attack.
The merfolk impaler hits you but does no damage.
The merfolk impaler hits you with a +4 trident of flaming!
* * * LOW HITPOINT WARNING * * *
The merfolk impaler burns you.
* * * LOW HITPOINT WARNING * * *
Unknown command.
Unknown command.
Your unstable footing causes you to fumble your attack.
The merfolk javelineer hits you but does no damage.
The merfolk impaler hits you but does no damage.
The merfolk hits you from afar with a +0 trident!
You die...

≈≈≈≈.m ≈≈≈≈..
≈≈≈≈.. ≈..
≈≈≈≈≈≈# #≈...
≈≈≈≈≈≈≈#####≈≈..#
≈≈≈≈≈≈≈≈≈≈≈≈≈...#
.>..≈mm≈≈≈≈≈≈...#
.....≈≈km≈≈≈....#
......m@≈≈≈.....#
..=..≈≈≈≈).......
....≈≈(≈≈≈).....#
...≈≈≈≈≈≈≈......#
≈≈≈≈≈≈≈≈≈≈......#
..≈≈≈≈≈≈≈≈≈......
##..≈≈≈<≈≈≈.###..
#..≈≈...≈...# .
#..≈≈.##.......


You could see 2 merfolk impalers, a merfolk javelineer, a wind drake (repels
missiles) and a merfolk.

Vanquished Creatures
  Kirke (Lair:6)
  Roxanne (D:15)
  An orc warlord (Orc:2)
  A bunyip (shapeshifter) (D:15)
  The ghost of Gwrg the Cleaver, a journeyman HOMo of Qazlal (Orc:2)
  Snorg (Lair:4)
  Josephine (Lair:6)
  A rakshasa (D:14)
  7 hydras
  Erolcha (Orc:1)
  Fannar (Lair:3)
  2 catoblepae (Lair:6)
  9 centaur warriors
  An ogre mage (D:15)
  The ghost of Gurchaud the Destroyer, a journeyman DrCj of Vehumet (Lair:1)
  2 dancing weapons (D:14)
  11 two-headed ogres
  9 death yaks (Lair:6)
  3 tengu warriors
  A deep troll shaman (Lair:6)
  Urug (Orc:2)
  2 orc high priests (Orc:2)
  Nergalle (D:11)
  Pikel (D:7)
  A glowing orange brain (D:15)
  3 wizards
  A lindwurm (Lair:6)
  4 deep elf pyromancers
  3 orc sorcerers (Orc:2)
  2 wolf spider zombies (D:15)
  10 ugly things (D:15)
  2 oklob plants
  3 orc knights (Orc:2)
  A wolf spider (D:14)
  12 elephants
  11 slime creatures
  3 cyclopes
  A manticore (D:14)
  The ghost of Kinoniko the Cleaver, a novice HOBe of Trog (D:5)
  A black mamba (Lair:6)
  Maggie (Lair:2)
  A gargoyle (D:12)
  Psyche (D:8)
  2 redback zombies (D:15)
  14 cane toads
  An efreet (D:13)
  8 komodo dragons
  2 unseen horrors (D:12)
  4 rime drakes
  A tengu conjurer (D:15)
  5 trolls
  4 polar bears
  A hornet (Lair:4)
  2 merfolk (Shoals:1)
  9 blink frogs
  A meliai zombie (D:15)
  Sigmund (D:6)
  A shadow (D:9)
  2 centaur simulacra
  5 wraiths
  Eustachio (D:5)
  3 basilisks
  3 hogs (Lair:6)
  43 yaks
  7 wyverns
  4 steam dragons
  6 vampire mosquitoes
  Edmund (D:6)
  5 wargs
  An acid dragon (D:11)
  13 water moccasins
  3 ice beasts
  A black bear (Lair:6)
  28 orc warriors
  A necrophage (D:7)
  10 ogres
  15 wolves
  5 boggarts (D:14)
  22 centaurs
  Blork the orc (Orc:1)
  2 lemures (D:7)
  3 kobold brigands
  A wyvern zombie (D:9)
  15 bullfrogs
  2 gnoll sergeants
  5 scorpions
  A water moccasin zombie (D:6)
  A spectral warg (Orc:2)
  A two-headed ogre simulacrum (Orc:2)
  A hornet simulacrum (D:14)
  2 water moccasin skeletons (D:7)
  An oklob sapling (D:6)
  8 wights
  An electric eel (Lair:4)
  15 centaur zombies
  5 hounds
  3 jellies (D:5)
  Crazy Yiuf (D:3)
  A centaur skeleton (D:7)
  13 orc priests
  4 bullfrog skeletons
  A gnoll shaman (D:6)
  Jessica (D:3)
  Ijyb (D:3)
  22 orc wizards
  4 iguanas
  3 spectral orcs (Orc:2)
  Natasha (thrice) (D:3)
  18 hell rats
  A hound skeleton (D:5)
  18 gnolls
  4 adders
  2 shadow imps
  A white imp (D:6)
  An orc simulacrum (Orc:2)
  An ufetubus (D:7)
  4 worms
  2 dart slugs
  56 orcs
  9 endoplasms
  5 giant cockroaches
  8 goblins
  7 hobgoblins
  17 jackals
  6 ball pythons
  10 bats
  13 kobolds
  5 rats
668 creatures vanquished.

Vanquished Creatures (others)
  An unseen horror (shapeshifter) (D:14)
  14 fungi
  51 plants
66 creatures vanquished.

Grand Total: 734 creatures vanquished

Notes
Turn   | Place    | Note
-------+----------+-------------------------------------------
     0 | D:1      | Kinoniko the Hill Orc Berserker began the quest for the
                  | Orb.
     0 | D:1      | Reached XP level 1. HP: 19/19 MP: 1/1
   526 | D:1      | Reached XP level 2. HP: 26/26 MP: 2/2
   536 | D:1      | Reached skill level 5 in Axes
   761 | D:1      | Reached XP level 3. HP: 31/31 MP: 3/3
   962 | D:1      | Reached skill level 6 in Axes
  1502 | D:2      | Reached XP level 4. HP: 39/39 MP: 4/4
  1541 | D:2      | Reached ** piety under Trog
  1616 | D:2      | Found a faded altar of an unknown god.
  1881 | D:2      | Reached skill level 7 in Axes
  2847 | D:3      | Noticed Jessica
  2853 | D:3      | Killed Jessica
  2854 | D:3      | Reached XP level 5. HP: 45/45 MP: 5/5
  3096 | D:3      | Found a runed translucent door.
  3097 | D:3      | Noticed Crazy Yiuf
  3152 | D:3      | Noticed Ijyb
  3167 | D:3      | Killed Ijyb
  3306 | D:3      | Reached skill level 8 in Axes
  3466 | D:3      | Noticed Natasha
  3472 | D:3      | Killed Natasha
  3473 | D:3      | Reached XP level 6. HP: 51/51 MP: 6/6
  3690 | D:3      | Noticed Natasha
  3700 | D:3      | Killed Natasha
  3700 | D:3      | Reached *** piety under Trog
  3701 | D:3      | Reached skill level 9 in Axes
  3995 | D:3      | Noticed Natasha
  4006 | D:3      | Killed Natasha
  4121 | D:3      | Killed Crazy Yiuf
  4346 | D:4      | Reached skill level 10 in Axes
  4346 | D:4      | Reached XP level 7. HP: 51/57 MP: 7/7
  4577 | D:4      | Found Bufupn's Weapon Shop.
  5084 | D:5      | Entered Level 5 of the Dungeon
  5091 | D:4      | Identified a scroll of acquirement
  5091 | D:4      | Acquired the +4 battleaxe of Discretion {flame, Fly Dex+7}
  5330 | D:5      | Noticed Eustachio
  5333 | D:5      | Reached skill level 11 in Axes
  5342 | D:5      | Killed Eustachio
  5367 | D:5      | Reached XP level 8. HP: 30/64 MP: 8/8
  5769 | D:5      | Reached skill level 12 in Axes
  5804 | D:5      | Found a transporter.
  5804 | D:5      | Noticed Kinoniko's ghost (novice HOBe)
  5865 | D:5      | Found Diunk's Armour Shop.
  5996 | D:5      | Reached skill level 13 in Axes
  6125 | D:5      | Found a transporter.
  6189 | D:6      | Noticed Edmund
  6196 | D:6      | Killed Edmund
  6540 | D:6      | Reached **** piety under Trog
  6543 | D:6      | Reached skill level 14 in Axes
  6605 | D:6      | Reached XP level 9. HP: 68/70 MP: 9/9
  6613 | D:6      | Noticed Sigmund
  6625 | D:6      | Killed Sigmund
  7073 | D:6      | Found a staircase to the Ecumenical Temple.
  7083 | D:6      | Reached skill level 15 in Axes
  7377 | D:7      | Noticed a two-headed ogre
  7387 | D:7      | Killed a two-headed ogre
  7388 | D:7      | Reached skill level 16 in Axes
  7586 | D:7      | Noticed Pikel
  7602 | D:7      | Killed Pikel
  7603 | D:7      | Reached XP level 10. HP: 39/77 MP: 10/10
  7604 | D:7      | Reached skill level 17 in Axes
  8447 | D:8      | Reached skill level 5 in Fighting
  8639 | D:8      | Identified the +0 ring mail "Fuwix" {Str+3}
  8731 | D:8      | Noticed Psyche
  8740 | D:8      | Killed Psyche
  8841 | D:8      | Identified the +4 spear "Niatotoa" {freeze, *Noise rPois
                  | Int+2}
  8929 | D:8      | Reached skill level 18 in Axes
  9256 | D:9      | Noticed a two-headed ogre
  9262 | D:9      | Killed a two-headed ogre
  9263 | D:9      | Reached XP level 11. HP: 77/92 MP: 11/11
  9374 | D:9      | Reached skill level 19 in Axes
  9573 | D:9      | Reached ***** piety under Trog
 10019 | D:9      | Found a stormy altar of Qazlal.
 10497 | D:10     | Entered Level 10 of the Dungeon
 10760 | D:10     | Found a staircase to the Lair.
 10879 | D:10     | Found a bloodstained altar of Trog.
 10879 | D:10     | Found a faded altar of an unknown god.
 10886 | D:10     | Found a hide-covered altar of Uskayaw.
 10888 | D:10     | Found a faded altar of an unknown god.
 10890 | D:10     | Found a shimmering blue altar of Sif Muna.
 11230 | D:10     | Noticed a two-headed ogre
 11235 | D:10     | Killed a two-headed ogre
 11762 | D:11     | Noticed a two-headed ogre
 11769 | D:11     | Killed a two-headed ogre
 11769 | D:11     | Received a gift from Trog
 11770 | D:11     | Reached skill level 20 in Axes
 12224 | D:11     | Noticed a two-headed ogre
 12230 | D:11     | Killed a two-headed ogre
 12231 | D:11     | Reached XP level 12. HP: 101/106 MP: 12/12
 12391 | D:11     | Noticed Nergalle
 12399 | D:11     | Killed Nergalle
 12466 | D:11     | Reached skill level 10 in Fighting
 12754 | D:11     | Noticed a two-headed ogre
 12758 | D:11     | Killed a two-headed ogre
 12759 | D:11     | Reached skill level 1 in Throwing
 13029 | D:12     | Found a staircase to the Orcish Mines.
 13096 | D:12     | Identified the +9 falchion of a Billion Brambles {pain,
                  | *Slow rElec rPois Int-5}
 13370 | D:12     | Identified the +0 ring mail of Wonder {Contam Str+5}
 13428 | D:12     | Found Amajony's General Store.
 13549 | D:12     | Bought an amulet of guardian spirit for 480 gold pieces
 13992 | Lair:1   | Entered Level 1 of the Lair of Beasts
 14137 | Lair:1   | Found a transporter.
 14144 | Lair:1   | Noticed Gurchaud's ghost (journeyman DrCj)
 14170 | Lair:1   | Found a transporter.
 14988 | Lair:1   | Killed Gurchaud's ghost
 15136 | Lair:2   | Reached skill level 5 in Throwing
 15176 | Lair:2   | Noticed an eight-headed hydra
 15185 | Lair:2   | Killed a five-headed hydra
 15186 | Lair:2   | Reached skill level 5 in Armour
 15186 | Lair:2   | Reached XP level 13. HP: 118/118 MP: 8/13
 15667 | Lair:2   | Noticed Maggie
 15673 | Lair:2   | Killed Maggie
 16353 | Lair:3   | Found a staircase to the Shoals.
 16916 | Lair:3   | Noticed Fannar
 16924 | Lair:3   | Killed Fannar
 17204 | Lair:4   | Received a gift from Trog
 17362 | Lair:4   | Found a hole to the Spider Nest.
 17371 | Lair:4   | You fall into a shaft and drop 2 floors!
 17371 | Lair:6   | Entered Level 6 of the Lair of Beasts
 17408 | Lair:6   | Noticed Kirke
 17425 | Lair:6   | Killed Kirke
 17426 | Lair:6   | Reached skill level 5 in Dodging
 17807 | Lair:4   | Noticed Snorg
 17818 | Lair:4   | Killed Snorg
 18869 | Lair:5   | Reached XP level 14. HP: 129/132 MP: 14/14
 19832 | Lair:6   | Noticed Josephine
 19840 | Lair:6   | Killed Josephine
 19904 | Lair:6   | Received a gift from Trog
 20072 | Lair:6   | Found a staircase to the Slime Pits.
 20073 | Lair:6   | Found a viscous altar of Jiyva.
 20108 | Lair:6   | Reached skill level 21 in Axes
 20894 | D:5      | Killed Kinoniko's ghost
 21097 | D:12     | Bought a scroll of holy word for 120 gold pieces
 21097 | D:12     | Bought a scroll of identify for 32 gold pieces
 21097 | D:12     | Bought a potion of flight for 48 gold pieces
 21097 | D:12     | Bought a scroll of identify for 32 gold pieces
 21102 | D:12     | Acquired the amulet of Ogegep {RegenMP Drain rElec rPois
                  | Dex+4}
 21632 | Lair:6   | Reached skill level 15 in Fighting
 22018 | Lair:6   | Identified the +2 spear "Dragon's Nightmare" {protect,
                  | rElec}
 23270 | D:13     | Reached XP level 15. HP: 119/143 MP: 12/15
 23455 | D:13     | Identified the +0 chain mail of Bup Odoptuin {rC+}
 23891 | D:13     | Received a gift from Trog
 24372 | D:14     | Reached skill level 10 in Throwing
 24991 | D:14     | Found a radiant altar of Vehumet.
 25272 | D:14     | Found a gate to the Vaults.
 25470 | Orc:1    | Entered Level 1 of the Orcish Mines
 25507 | Orc:1    | Noticed Erolcha
 25515 | Orc:1    | Killed Erolcha
 25626 | Orc:1    | Noticed Blork the orc
 25633 | Orc:1    | Killed Blork the orc
 26051 | Orc:2    | Entered Level 2 of the Orcish Mines
 26257 | Orc:2    | Found a staircase to the Elven Halls.
 26340 | Orc:2    | Received a gift from Trog
 26344 | Orc:2    | Noticed Urug
 26362 | Orc:2    | Killed Urug
 26653 | Orc:2    | Noticed an orc warlord
 26653 | Orc:2    | Paralysed by an orc sorcerer for 7 turns
 26665 | Orc:2    | Reached ****** piety under Trog
 26671 | Orc:2    | Killed an orc warlord
 26676 | Orc:2    | Found a roughly hewn altar of Beogh.
 26828 | Orc:2    | Found a runed translucent gate.
 26828 | Orc:2    | Found a runed translucent gate.
 26884 | Orc:2    | Found Motweod's Jewellery Boutique.
 26941 | Orc:2    | Found Omelish's Antique Armour Boutique.
 26964 | Orc:2    | Bought a heavily runed chain mail for 228 gold pieces
 26964 | Orc:2    | Identified the +3 chain mail of the Meadowlark {rCorr} (You
                  | bought it in a shop on level 2 of the Orcish Mines)
 27129 | Orc:2    | Found a roughly hewn altar of Beogh.
 27237 | Orc:2    | Found a runed translucent gate.
 27239 | Orc:2    | Noticed Gwrg's ghost (journeyman HOMo)
 27259 | Orc:2    | Found Ladohuat's General Store.
 27276 | Orc:2    | Found Ropocve's Antique Weapon Boutique.
 27531 | Orc:2    | Killed Gwrg's ghost
 27687 | D:15     | Entered Level 15 of the Dungeon
 28085 | D:15     | Reached XP level 16. HP: 144/155 MP: 13/16
 28094 | D:15     | Reached skill level 10 in Armour
 28397 | D:15     | Found a basalt altar of Yredelemnul.
 28689 | D:15     | Found a staircase to the Depths.
 28866 | D:15     | Noticed Roxanne
 28885 | D:15     | Killed Roxanne
 29529 | D:5      | Bought a +3 plate armour of willpower for 495 gold pieces
 29713 | Shoals:1 | Entered Level 1 of the Shoals
 29745 | Shoals:1 | Slain by a merfolk

Illustrated notes

Levels and vault maps discovered:
D:1:      elethiomel_arrival_maze, layout_loops_ring
D:2:      layout_basic, shapermc_ecumenical_altar_mp_urbaneastern
D:3:      layout_basic, uniq_crazy_yiuf_cottage, uniq_ijyb, uniq_natasha,
          uniq_jessica
D:4:      layout_basic, serial_shops, shop
D:5:      layout_cave_pools, serial_shops, kennysheep_mini_moat,
          gammafunk_ghost_arena, uniq_eustachio
D:6:      layout_rooms, minmay_temple_entry_oklob, minmay_splitting_lines,
          kennysheep_generic_room_14, uniq_sigmund, uniq_edmund
D:7:      layout_cave_pools, minmay_manual_mess, uniq_pikel
D:8:      layout_gridville, uniq_psyche
D:9:      layout_small_grid, kennysheep_little_box,
          amcnicky_mini_corridor_feature
D:10:     layout_gridville, chequers_temple_overflow_minitemple,
          lair_entry_dummy
D:11:     layout_loops_ring, uniq_nergalle
D:12:     layout_loops_ring, orc_0_dummy, serial_shops, shop,
          chequers_serial_rivers_micro_d
D:13:     minmay_blocky_corners, layout_loops_corners
D:14:     layout_rooms, erik_vaults_1, nicolae_vehumet_altar_sigil
D:15:     gammafunk_enter_depths_forms, layout_basic, serial_co_window_serial,
          co_window_corner_a, co_window_of_opportunity_a, co_window_paths_a,
          co_window_corner_a, co_window_paths_a, co_window_paths_b,
          co_window_paths_a, co_window_broadway_a, co_window_paths_c,
          co_window_corner_b, co_window_corner_b, co_window_corner_b,
          co_window_corner_ca, co_window_4corner_a,
          nicolae_yredelemnul_corpse_copse, uniq_roxanne
Lair:1:   layout_small_grid, gammafunk_ghost_arena, infiniplex_staircase_pool_2,
          minmay_lair_oklob_chamber
Lair:2:   layout_cave_pods, minivault_11, st_stairs_4, uniq_maggie
Lair:3:   layout_gridlike, minmay_shoals_entry_centaurs, uniq_fannar
Lair:4:   layout_small_grid, nicolae_spider_entry_non_spiders,
          infiniplex_staircase_pool, grunt_megastairs_5, uniq_snorg
Lair:5:   layout_cave_pods, minivault_25
Lair:6:   grunt_lair_end_beastmaster, layout_regular_city, slime_altar_1,
          uniq_josephine, uniq_kirke
Shoals:1: layout_shoals, nicolae_shoals_mertower, uniq_frances, uniq_jorgrun
Orc:1:    layout_caves, sword_in_stone, uniq_erolcha
Orc:2:    grunt_orc_cross, layout_caves, gammafunk_ghost_necromancy,
          bh_open_orc_temple

Skill      XL: |  1  2  3  4  5  6  7  8  9 10 11 12 13 14 15 16 |
---------------+-------------------------------------------------+-----
Axes           | 5 6 7 8 10 11 14 16 18 20 21 | 21.8
Fighting       | 7 9 12 14 15 17 18 | 18.0
Throwing       | 5 8 9 11 | 11.5
Dodging        | 3 5 6 7 8 |  8.2
Armour         | 5 7 8 9 10 | 10.5

Action                   |  1- 3 |  4- 6 |  7- 9 | 10-12 | 13-15 | 16-18 || total
-------------------------+-------+-------+-------+-------+-------+-------++-------
Melee: Hand axe          |    81 |   181 |    19 |       |       |       ||   281
       Battleaxe         |       |       |   139 |   312 |   605 |   146 ||  1202
       Unarmed           |       |       |     6 |       |       |       ||     6
       Executioner's axe |       |       |       |       |    80 |       ||    80
Invok: Berserk           |     4 |     7 |    11 |    16 |    19 |     4 ||    61
       Trog's Hand       |       |       |       |       |     3 |       ||     3
  Use: Scroll            |       |       |    10 |     8 |    10 |     1 ||    29
 Stab: Sleeping          |     1 |       |       |       |       |       ||     1
       Petrified         |       |       |       |       |    16 |       ||    16
Armor: Animal skin       |     1 |       |       |       |       |       ||     1
       Leather armour    |    27 |    40 |       |       |       |       ||    67
       Ring mail         |       |    13 |    13 |       |       |       ||    26
       Chain mail        |       |       |    57 |   185 |   476 |    72 ||   790
       Plate armour      |       |       |       |       |       |    22 ||    22
Dodge: Dodged            |    45 |   104 |    85 |    99 |   300 |    68 ||   701

Table legend: (Time is in decaauts)
 A = Elapsed time spent in this place.
 B = Non-inter-level travel time spent in this place.
 C = Inter-level travel time spent in this place.
 D = Time resting spent in this place.
 E = Time spent auto-exploring this place.
 F = Levels seen in this place.
 G = Mean time per level.
                   A        B        C        D        E       F      G
               +--------+--------+--------+--------+--------+-----+--------+
         Total |  30008 |  27469 |   2539 |   6071 |  18254 |  24 | 1250.3 |
       Dungeon |  19430 |  17511 |   1919 |   4176 |  11393 |  15 | 1295.3 |
          Lair |   8415 |   7876 |    539 |   1558 |   5530 |   6 | 1402.5 |
        Shoals |     25 |     25 |      0 |      0 |      0 |   1 |   25.0 |
  Orcish Mines |   2137 |   2057 |     80 |    337 |   1330 |   2 | 1068.5 |
               +--------+--------+--------+--------+--------+-----+--------+

Top non-repeatable levels by time:
  Lair:6: 2327 daAuts
     D:3: 1673 daAuts
    D:15: 1662 daAuts
    D:13: 1632 daAuts
   Orc:2: 1547 daAuts
  Lair:4: 1492 daAuts
    D:10: 1477 daAuts
     D:1: 1428 daAuts
     D:2: 1369 daAuts
    D:11: 1356 daAuts
  Lair:2: 1353 daAuts
     D:5: 1311 daAuts
     D:6: 1283 daAuts
  Lair:5: 1260 daAuts
  Lair:1: 1178 daAuts
